Unix NetHack Version 3.7.0-83 Work-in-progress - last build Apr 28 2023 12:05:44 (2625824c38750939014cf799bb7ff71c9e9c2d48,branch:master). Game began 2023-05-07 16:30:01, ended 2023-05-07 16:47:51. tromix, lawful male human Priest --------------------------------- |...............................| |.---------------......------...| |.|....|...|(((.|......|%.(.-...| |.|....|...|!((.%......|(((.|.... |.-....|...|!((.|......|(((.|...| |.--------|------..---------|...| |.............{....|....|%!%|...| --------- |....--|----@@.....|.._.|%!%|...| |<......| ###|....|..| |.......|....|%]%|...| |.......| ###-....|..| |......{|....|...|...| |.......|##### #|....----+--.......--|---|---...| |.......-# #|................@'......F......| --------- |.----..----....-----%-|--......- |.|..|..| |....|..|..|..|......| |.-..|..| .-....-..|..|..|......| --------------------------------- Tromix the Adept St:6 Dx:9 Co:18 In:8 Wi:18 Ch:14 Lawful Dlvl:7 $:14 HP:0(54) Pw:58(98) AC:1 Exp:6 T:2514 Burdened Latest messages: You finish eating the pony corpse. There is an open door here. You see here a bugbear corpse. There is a bugbear corpse here; eat it? [ynq] (n) y This bugbear corpse tastes terrible! You hear the chime of a cash register. You hear crashing rock. You hear a door open. You stop eating the bugbear corpse. You hit the gnome! You kill the gnome! There is a gnome corpse here; eat it? [ynq] (n) y This gnome corpse is stringy. You finish eating the gnome corpse. You have a little trouble lifting R - a tripe ration. This door is locked. Unlock it with your key? [ynq] (q) y You succeed in unlocking the door. The door resists! The door resists! The door opens. You hit the gnome! The gnome hits! You kill the gnome! This door is locked. Unlock it with your key? [ynq] (q) q You hear an animal carcass being offered in sacrifice. You swap places with the peaceful watch captain. The rope golem hits! The rope golem hits again! The rope golem grabs you! You miss the rope golem. The rope golem hits! The rope golem hits again! You are being choked. You hit the rope golem! The rope golem hits! The rope golem hits again! You are being choked. You hit the rope golem! The rope golem hits! The rope golem hits again! You are being choked. You hit the rope golem! The rope golem hits! The rope golem misses! You are being choked. The rope golem hits! You die... Do you want your possessions identified? [ynq] (y) q Inventory: Coins $ - 14 gold pieces Weapons H - 12 +0 darts A - a +0 long sword a - a blessed +1 mace (weapon in hand) Armor I - a +0 dwarvish iron helm (being worn) p - a +0 orcish helm Q - a blessed +1 pair of elven boots (being worn) J - a +0 pair of iron shoes c - a +0 small shield (being worn) b - a +0 robe (being worn) B - a +0 leather armor (being worn) Comestibles P - a clove of garlic x - a cram ration z - a food ration j - a sprig of wolfsbane R - a tripe ration Scrolls q - 2 scrolls of create monster O - a scroll of enchant armor o - 2 scrolls of light G - a scroll of scare monster k - a cursed scroll of teleportation Spellbooks g - a spellbook of healing Potions i - 2 potions of levitation r - a potion of sickness d - 4 potions of holy water Wands m - a wand of cancellation (0:5) w - a wand of digging (0:6) u - a wand of fire (0:2) Tools f - an empty bag of holding E - a bag of tricks (0:10) n - a can of grease (0:17) F - a cursed oil lamp e - a skeleton key Gems/Stones s - an amethyst stone N - a flint stone Tromix the Priest's attributes: Background: You were an Adept, a level 6 human Priest. You were lawful, on a mission for Issek who was opposed by Mog (neutral) and Kos (chaotic). You were in the Gnomish Mines, on level 7. You entered the dungeon 2514 turns ago. There was a full moon in effect when your adventure ended. You had 537 experience points, 103 more were needed to attain level 7. Basics: You had 0 out of 54 hit points. You had 58 out of 98 energy points (spell power). Your armor class was 1. Your wallet contained 14 zorkmids. Autopickup was off. Final Characteristics: Your strength was 6 (peak:8, limit:18/100). Your dexterity was 9 (limit:18). Your constitution was 18 (limit:18). Your intelligence was 8 (limit:18). Your wisdom was 18 (limit:18). Your charisma was 14 (limit:18). Final Status: You were held by a rope golem (east). You were not hungry. You were burdened; movement was slightly slowed. You were wielding a mace. You were skilled in mace. Final Attributes: You were piously aligned. You were stealthy. You were guarded. You were lucky. You are dead. Miscellaneous: You disabled loading of bones levels. Total elapsed playing time was 17 minutes and 50 seconds. Major events: Turn 1: tromix the lawful human Priest entered the dungeon 735: attained the rank of Acolyte (level 3) 885: entered the Gnomish Mines 1969: attained the rank of Adept (level 6) 2514: killed by a rope golem Vanquished creatures: a small mimic a giant spider 4 apes a bugbear a water nymph a pony 4 gnome leaders 2 gnomish wizards 3 giant ants 2 dwarves a giant bat an acid blob a large kobold a hobgoblin 17 gnomes 2 garter snakes a gecko 4 jackals 3 goblins a grid bug a bat 5 lichens 5 newts 63 creatures vanquished. No species were genocided or became extinct. Voluntary challenges: You read items or engraved 2 times. You never engraved Elbereth. You never genocided any monsters. You never polymorphed an object. You never changed form. You used no wishes. Achievements: You attained the rank of Acolyte. You entered the Gnomish Mines. You entered a shop. You entered a temple. You attained the rank of Adept. The Dungeons of Doom: levels 1 to 4 Level 1: Level 2: A fountain, a grave. Level 3: A general store, a grave. Stairs down to The Gnomish Mines. Level 4: A sink. The Gnomish Mines: levels 4 to 7 Level 4: Level 5: Level 6: Level 7: <- You were here. Many shops, a temple, some fountains. Final resting place for you, killed by a rope golem. Game over: ---------- / \ / REST \ / IN \ / PEACE \ / \ | tromix | | 14 Au | | killed by a rope | | golem | | | | | | 2023 | *| * * * | * _________)/\\_//(\/(/\)/\//\/|_)_______ Goodbye tromix the Priest... You died in The Gnomish Mines on dungeon level 7 with 2471 points, and 14 pieces of gold, after 2514 moves. You were level 6 with a maximum of 54 hit points when you died.